 Dungeon Crawl Stone Soup version 0.17-a0-2231-gd80ca38 (webtiles) character file.

1145 kae the Archer (level 8, -6/50 HPs)
             Began as a High Elf Hunter on Oct 29, 2015.
             Killed by divine providence
             ... invoked by an orc priest
              (10 damage)
             ... on level 5 of the Dungeon.
             The game lasted 00:06:16 (4883 turns).

kae the Archer (High Elf Hunter)                    Turns: 4883, Time: 00:06:16

Health: -6/50      AC:  5    Str: 11      XL:     8   Next: 15%
Magic:  9/9        EV: 12    Int: 20      God:
Gold:   245        SH:  0    Dex: 17 (18) Spells: 0 memorised, 7 levels left

rFire  . . .     SeeInvis .     b - +0 short sword
rCold  . . .     Clarity  .     d - +0 leather armour
rNeg   . . .     SustAt   .     (no shield)
rPois  .         Gourm    .     E - +0 helmet
rElec  .         Spirit   .     x - +0 cloak
rCorr  .         Warding  .     (no gloves)
rMut   .         Stasis   .     (no boots)
MR     .....                    (no amulet)
Stlth  ++........               (no ring)
                                (no ring)

@: brilliant, very slightly contaminated, hasted, very quick, not resistant to
hostile enchantments, unstealthy
A: no striking features
a: no special abilities


You were on level 5 of the Dungeon.
You were near starving.

You visited 1 branch of the dungeon, and saw 5 of its levels.

You collected 245 gold pieces.

Inventory:

Hand Weapons
 a - a +1 shortbow
 b - a +0 short sword (weapon)
Missiles
 c - 2 arrows
Armour
 d - a +0 leather armour (worn)
 x - a +0 cloak (worn)
 E - a +0 helmet (worn)
Jewellery
 y - an uncursed amulet of faith {unknown}
 B - an uncursed ring of protection from cold {unknown}
Wands
 h - a wand of fire (2)
 n - a wand of magic darts (16)
 q - a wand of flame (7)
 s - a wand of digging (11)
 A - a wand of paralysis (15)
Scrolls
 g - 4 scrolls of identify
 w - a scroll of remove curse
Potions
 m - a potion of poison
 u - 2 potions of berserk rage
Books
 k - a book of Ice

   Spells                             Type                      Level
   a - Ice Form                       Ice/Transmutation            4
   b - Metabolic Englaciation         Hexes/Ice                    5
   c - Ozocubu's Refrigeration        Ice                          6
   d - Bolt of Cold                   Conjuration/Ice              6
   e - Freezing Cloud                 Conjuration/Ice/Air          6
   f - Simulacrum                     Ice/Necromancy               6
Comestibles
 e - 3 bread rations
 f - 2 beef jerkies
 i - 7 fruits
 j - a meat ration
 r - a slice of pizza


   Skills:
 - Level 2.0 Fighting
 + Level 13.1 Bows
 - Level 2.1 Dodging
 - Level 1.1 Stealth


You had 7 spell levels left.
You didn't know any spells.

Dungeon Overview and Level Annotations

Branches:
Dungeon (5/15)
 Temple: D:4-7

Altars:
Dithmenos
Kikubaaqudgha

Annotations:
D:3 exclusion: Sigmund
D:4 Dowan, Duvessa


Message History

It was a potion of brilliance.
You feel clever all of a sudden. The centaur hits you!
* * * LOW HITPOINT WARNING * * *
The centaur barely misses you.
Drink which item? (? for menu, Esc to quit)
It was a potion of haste.
You feel yourself speed up. The orc priest barely misses you.
The centaur closely misses you.
You are very lightly contaminated with residual magic.
Drink which item? (? for menu, Esc to quit)
You feel better. The centaur barely misses you.
The orc priest calls down the wrath of Beogh upon you.
Something smites you!
* * * LOW HITPOINT WARNING * * *
Drink which item? (? for menu, Esc to quit)
You feel better. The centaur hits you.
* * * LOW HITPOINT WARNING * * *
The orc priest calls down the wrath of Beogh upon you.
Something smites you!
You die...

#.... #.##### ..(..
#.##... #...# #.##.#.
#... #.##.#. ... #......
##Z## ########.## #...#
#.........# #.co#
#.........# #.†@#
#..####...#
#####...######..#.......
#...........##..#..#.###
..........)#.....##.#.# #
##...........##.......###
#####..(#######.........
#...# ####.##### #...#
#.# #...# #.#


You could see a centaur, an orc priest and a ball python skeleton.

Vanquished Creatures
  Grinder (D:4)
  Sigmund (D:3)
  Menkaure (D:4)
  Edmund (D:4)
  5 orc priests
  A giant frog skeleton (D:5)
  Crazy Yiuf (D:3)
  A quasit (D:5)
  2 hounds
  Terence (D:3)
  Natasha (thrice) (D:2)
  An iguana (D:4)
  2 worker ants
  4 adders
  A shadow imp (D:5)
  3 worms (D:3)
  2 giant geckos (D:5)
  12 orcs
  5 giant cockroaches
  6 goblins
  8 hobgoblins
  3 jackals (D:1)
  5 kobolds
  A ball python (D:3)
  9 bats
  4 giant newts (D:1)
  2 quokkas
  A quokka skeleton (D:4)
  6 rats
93 creatures vanquished.

Notes
Turn   | Place    | Note
--------------------------------------------------------------
     0 | D:1      | kae the High Elf Hunter began the quest for the Orb.
     0 | D:1      | Reached XP level 1. HP: 14/14 MP: 2/2
   193 | D:1      | Reached XP level 2. HP: 19/19 MP: 3/3
   215 | D:1      | Reached skill level 6 in Bows
   731 | D:1      | Reached XP level 3. HP: 24/24 MP: 4/4
   907 | D:2      | Found an ancient bone altar of Kikubaaqudgha.
  1270 | D:2      | Reached skill level 7 in Bows
  1345 | D:2      | Noticed Natasha
  1354 | D:2      | Killed Natasha
  1354 | D:2      | Reached XP level 4. HP: 9/29 MP: 5/5
  1497 | D:2      | Noticed Natasha
  1499 | D:2      | Killed Natasha
  1654 | D:2      | Noticed Natasha
  1655 | D:2      | Killed Natasha
  1853 | D:3      | Noticed Terence
  1897 | D:3      | Killed Terence
  1897 | D:3      | Reached skill level 8 in Bows
  2223 | D:3      | Reached XP level 5. HP: 30/34 MP: 6/6
  2327 | D:3      | Noticed Sigmund
  2887 | D:3      | Noticed Crazy Yiuf
  2904 | D:3      | Killed Crazy Yiuf
  3000 | D:3      | Killed Sigmund
  3000 | D:3      | Reached skill level 10 in Bows
  3000 | D:3      | Reached XP level 6. HP: 35/39 MP: 7/7
  3343 | D:4      | Noticed Menkaure
  3355 | D:4      | Killed Menkaure
  3535 | D:4      | Found a shadowy altar of Dithmenos.
  3550 | D:4      | Reached XP level 7. HP: 45/45 MP: 8/8
  3680 | D:4      | Noticed Grinder
  3702 | D:4      | Killed Grinder
  3702 | D:4      | Reached skill level 11 in Bows
  3929 | D:4      | Noticed Edmund
  4048 | D:4      | Killed Edmund
  4048 | D:4      | Reached skill level 12 in Bows
  4393 | D:4      | Noticed Duvessa
  4393 | D:4      | Noticed Dowan
  4405 | D:5      | Entered Level 5 of the Dungeon
  4617 | D:5      | Reached XP level 8. HP: 50/50 MP: 9/9
  4831 | D:5      | Reached skill level 13 in Bows
  4882 | D:5      | HP: 1/50 [orc priest/divine providence (14)]
  4883 | D:5      | Killed from afar by an orc priest

Vault maps used:
D:1:      dpeg_arrival_round_b
D:2:      kiku_gazebo_garden_becter, uniq_natasha
D:3:      minmay_tree_intersection, uniq_crazy_yiuf_cottage, uniq_terence,
          uniq_sigmund
D:4:      nemelex_xobeh_ov_fountains_minmay, first_bread,
          nicolae_dithmenos_the_darkroom, uniq_menkaure, uniq_grinder,
          uniq_edmund, uniq_duvessa

Action                   |  1- 3 |  4- 6 |  7- 9 || total
-------------------------+-------+-------+-------++-------
Melee: Short sword       |       |       |    46 ||    46
 Fire: Shortbow          |   107 |   102 |   126 ||   335
Evoke: Wand              |       |       |     7 ||     7
  Use: Scroll            |       |     7 |     4 ||    11
       Potion            |       |       |     8 ||     8
  Eat: Chunk             |     1 |     7 |     2 ||    10
